 Dungeon Crawl Stone Soup version 0.28.0-43-g3370ac3207 (webtiles) character file.

Game seed: 166625758181104661

200880 smarlow the Tortoise (level 19, -4/141 HPs)
             Began as a Djinni Conjurer on Mar 2, 2022.
             Was the Champion of Makhleb.
             Collided with a rock wall (8 damage)
             ... caused by an elemental wellspring
             ... on level 2 of the Shoals.
             The game lasted 02:03:23 (30214 turns).

smarlow the Tortoise (Djinni Conjurer)             Turns: 30214, Time: 02:03:25

Health: -4/141     AC: 30    Str:  9    XL:     19   Next: 23%
Gold:   2188       EV:  9    Int: 31    God:    Makhleb [******] SH:  0 Dex: 23

rFire   + + .      SeeInvis +   h - staff of conjuration
rCold   x . .      Faith    .   (no shield)
rNeg    + . .      Spirit   .   D - +7 chain mail of New Discoveries {Drain Regen+ Dex+5}
rPois   ∞          Reflect  .   w - +2 helmet {Int+3}
rElec   .          Harm     .   (no cloak)
rCorr   +          Rampage  .   M - +2 pair of gloves of Voebogge {rN+ Int+4 Stlth-}
Will    ++...                   (boots unavailable)
Stlth   ..........              a - amulet of regeneration
HPRegen 1.93/turn               V - ring "Bugimiuh" {rCorr Str+3 Int-3 Dex+5 SInv}
MPRegen 0.00/turn               S - ring of wizardry

@: engulfed, flying
A: sickness immunity, fire resistance 2, cold vulnerability 1, float, innate
caster, HP casting, extra vitality 1, iridescent scales 1, strong-willed 1,
subdued magic 1
}: 1/15 runes: serpentine
a: Renounce Religion, Minor Destruction, Lesser Servant of Makhleb, Major
Destruction, Greater Servant of Makhleb


You were on level 2 of the Shoals.
You worshipped Makhleb.
Makhleb was exalted by your worship.
You visited 5 branches of the dungeon, and saw 27 of its levels.
You also visited: Ossuary, Gauntlet and Ice Cave.

You collected 3058 gold pieces.
You spent 870 gold pieces at shops.

Inventory:

Hand Weapons
 P - the +6 battleaxe of Impatience {vorpal, *Corrode rPois rF+++ Int-5}
   (You found it in a Gauntlet)

   It inflicts extra damage upon your enemies.
   Int:       It affects your intelligence (-5).
   rF:        It renders you almost immune to fire.
   rPois:     It protects you from poison.
   *Corrode:  It may corrode you when you take damage.
Missiles
 s - 3 throwing nets
 N - 9 silver javelins
Armour
 c - a +3 troll leather armour
 q - a +1 tower shield of fire resistance
 w - a +2 helmet of intelligence (worn)
 D - the +7 chain mail of New Discoveries (worn) {Drain Regen+ Dex+5}
   (You found it on level 9 of the Dungeon)

   Dex:       It affects your dexterity (+5).
   Regen:     It increases your rate of health regeneration.
   Drain:     It drains your maximum health when unequipped.
 H - a +0 robe of the Archmagi
 M - the +2 pair of gloves of Voebogge (worn) {rN+ Int+4 Stlth-}
   (You found it in a Gauntlet)

   Int:       It affects your intelligence (+4).
   rN:        It protects you from negative energy.
   Stlth:     It makes you less stealthy.
Magical Staves
 h - a staff of conjuration (weapon)
 x - a staff of earth
Jewellery
 a - an amulet of regeneration (around neck)
 C - the ring "Gicit" {rF+ rC+ rN++ Will+ Int-5}
   (You found it on level 10 of the Dungeon)

   [ring of willpower]

   Int:       It affects your intelligence (-5).
   rF:        It protects you from fire.
   rC:        It protects you from cold.
   rN:        It greatly protects you from negative energy.
   Will:      It increases your willpower.
 S - a ring of wizardry (right hand)
 V - the ring "Bugimiuh" (left hand) {rCorr Str+3 Int-3 Dex+5 SInv}
   (You found it on level 6 of the Lair of Beasts)

   [ring of see invisible]

   Str:       It affects your strength (+3).
   Int:       It affects your intelligence (-3).
   Dex:       It affects your dexterity (+5).
   SInv:      It lets you see invisible.
   rCorr:     It protects you from acid and corrosion.
Wands
 j - a wand of iceblast (7)
 p - a wand of flame (47)
 A - a wand of paralysis (15)
 G - a wand of mindburst (7)
 J - a wand of digging (10)
 K - a wand of polymorph (5)
 U - a wand of acid (4)
Scrolls
 b - 4 scrolls of vulnerability
 d - 3 scrolls of teleportation
 g - 6 scrolls of immolation
 i - 3 scrolls of torment
 m - 4 scrolls of enchant weapon
 n - 3 scrolls of silence
 o - 6 scrolls of magic mapping
 t - 4 scrolls of fog
 v - a scroll of identify
 y - 3 scrolls of fear
 B - a scroll of blinking
 L - a scroll of enchant armour
Potions
 e - 15 potions of curing
 f - 2 potions of might
 k - 4 potions of heal wounds
 l - 3 potions of cancellation
 r - 2 potions of attraction
 u - a potion of invisibility
 z - 3 potions of lignification
 E - a potion of ambrosia
 F - 2 potions of haste
 I - 7 potions of brilliance
 O - a potion of experience
 Q - a potion of berserk rage


   Skills:
 + Level 14.6 Fighting
 + Level 17.3 Armour
 - Level 9.2 Dodging
 - Level 7.6 Stealth
 + Level 7.2 Shields
 * Level 14.9 Spellcasting
 * Level 9.3 Invocations


You couldn't memorise any spells.
You knew the following spells:

 Your Spells              Type           Power      Damage    Failure   Level
a - Magic Dart            Conj           100%       1d8       1%          1
b - Searing Ray           Conj           100%       2d8       1%          2
c - Dazzling Flash        Conj/Hex       100%       N/A       1%          3
d - Fulminant Prism       Conj/Hex       46%        3d21      1%          4
e - Iskenderun's Mystic   Conj/Tloc      93%        2d18      1%          4
f - Freeze                Ice            100%       1d11      1%          1
g - Static Discharge      Conj/Air       93%        N/A       1%          2
h - Stone Arrow           Conj/Erth      100%       3d13      1%          3
i - Animate Armour        Summ/Erth      100%       N/A       1%          4
j - Hailstorm             Conj/Ice       93%        3d18      1%          4
k - Agony                 Necr           73%        N/A       1%          5
l - Summon Cactus Giant   Summ           36%        N/A       4%          6
m - Simulacrum            Ice/Necr       36%        N/A       4%          6
n - Malign Gateway        Summ/Tloc      36%        N/A       26%         7
Your spell library was empty.

Dungeon Overview and Level Annotations

Branches:
Dungeon (13/15)            Temple (0/1) D:7            Lair (6/6) D:8
 Shoals (2/4) Lair:4        Snake (4/4) Lair:3        Slime (0/5) Lair:5
    Orc (2/2) D:11            Elf (0/3) Orc:2       Ossuary (visited)
  IceCv (visited)         Gauntlet (visited)
 Vaults: D:13-14

Altars:
Cheibriados
Makhleb
Qazlal
Ru
Xom
Yredelemnul
Zin
Beogh

Shops:
Orc:2 ([=**   Shoals:1 *   Snake:3 *   Snake:4 (

Portals:
Hell: Lair:6

Annotations:
D:5 1 runed translucent door, Crazy Yiuf
D:10 3 runed translucent doors
Snake:4 Roxanne


Innate Abilities, Weirdness & Mutations

You are immune to sickness and miasma.
You are immune to poison.
Your flesh is very heat resistant. (rF++)
You are vulnerable to cold. (rC-)
You float through the air rather than walking.
You learn spells naturally, not from books.
Your magical power is your life essence.
You have superior vitality. (+4 MHP)
You are partially covered in iridescent scales. (AC +2)
You are strong-willed. (Will+)
Your spells are a little easier to cast, but a little less powerful.


Message History

The mystic blast hits the water elemental!
The water elemental is heavily damaged.
The water elemental is knocked back by the mystic blast.
The water elemental slams into the stone wall!
The water elemental is severely damaged.
The mystic blast hits the water elemental.
The water elemental is severely damaged.
The water elemental is knocked back by the mystic blast.
The water elemental slams into the stone wall!
The water elemental is severely damaged.
The mystic blast hits the water elemental!!
You destroy the water elemental!
The water elemental disappears in a puff of smoke!
* * * LOW HITPOINT WARNING * * *
Unknown command.
Casting: Iskenderun's Mystic Blast (safe; 1% risk of failure)
Confirm with . or Enter, or press ? or * to list all spells.
You feel a surge of power!
You erupt in a blast of force!
The mystic blast hits the water elemental!!
You destroy the water elemental!
The water elemental disappears in a puff of smoke!
The mystic blast hits the water elemental.
The water elemental is lightly damaged.
The mystic blast hits the water elemental!!
You destroy the water elemental!
The water elemental disappears in a puff of smoke!
* * * LOW HITPOINT WARNING * * *
A torrent of water rises up through the elemental wellspring!
The torrent of water passes through the water elemental.
The torrent of water hits you!
* * * LOW HITPOINT WARNING * * *
The wave splashes down.
The water elemental hits you.
The water elemental engulfs you in water!
A torrent of water rises up through the elemental wellspring!
The torrent of water passes through the water elemental.
The torrent of water hits you!
* * * LOW HITPOINT WARNING * * *
You are knocked back by the torrent of water.
You slam into the rock wall!
You die...

.###..≈≈≈≈............≈≈≈≈≈≈# #≈≈
## #..≈....≈.....)....≈≈≈≈≈≈###≈≈
# #.≈≈.....≈≈≈...†≈≈.≈≈..≈≈≈≈≈≈≈
####..≈†..########.≈#######...≈≈≈
.......#####≈≈≈≈##.## #####...≈≈
...[...###≈≈≈≈≈≈≈### .$[# #≈≈≈≈≈
..##...##≈≈≈≈≈≈≈≈≈###...($ #≈≈≈≈≈
...##..#≈≈≈.≈##≈##≈≈≈≈...≈ #≈≈≈≈≈
..#....#.≈≈#####@E≈≈E≈≈.≈≈ #≈≈≈≈≈
.###...#≈≈≈≈#####≈§≈≈E≈≈≈≈ #≈≈≈≈≈
.)##.≈.#.≈≈≈.≈≈######≈≈≈≈# #≈≈≈≈≈
.....≈.#.≈≈≈#≈≈≈## ######≈≈≈≈≈
......###≈≈≈.≈#≈.##########≈≈≈≈.≈
.≈≈≈..#####≈≈#≈≈≈≈≈≈#≈.≈≈###≈≈..≈
≈≈≈≈...########≈≈≈≈≈≈≈≈≈≈≈##..≈≈≈
≈≈≈≈≈≈≈≈##≈≈####≈≈≈≈≈≈≈≈≈≈≈#.....
≈≈≈≈≈≈≈≈#≈≈≈≈######≈≈≈#≈≈.##≈....


You could see 2 elemental wellsprings and a water elemental (summoned).

Vanquished Creatures
  Vashnia (Snake:2)
  Rupert (Orc:2)
  An azure jelly (Snake:2)
  14 nagarajas
  2 orc warlords
  A quicksilver ooze (Gauntlet)
  2 elemental wellsprings (Shoals:2)
  A minotaur (Gauntlet)
  Snorg (Orc:2)
  The ghost of pkoi the Devastator, a journeyman DrCj of Vehumet (Lair:4)
  2 merfolk javelineers (Shoals:1)
  7 merfolk impalers
  7 hydras
  Harold (D:9)
  A boulder beetle (Lair:4)
  20 naga warriors
  A salamander tyrant (Snake:4)
  The ghost of dualclasshuman the Nimble, a novice DDBe of Trog (D:10)
  2 alligator snapping turtles
  2 centaur warriors
  A merfolk avatar (Shoals:1)
  6 anacondas
  8 two-headed ogres
  11 naga sharpshooters
  An orc high priest (Orc:2)
  16 death yaks
  5 shock serpents
  Nergalle (Lair:2)
  Urug (Orc:2)
  Sonja (Lair:3)
  A fire crab (Lair:6)
  A sun demon (Lair:6)
  4 sea snakes (Shoals:1)
  A bog body (IceCv)
  8 naga ritualists
  2 obsidian statues
  A wizard (Lair:6)
  A spriggan simulacrum (IceCv)
  2 orc knights (Orc:2)
  4 harpies (Shoals:1)
  14 mana vipers
  5 ugly things
  2 orc sorcerers (Orc:2)
  4 manticores
  4 cyclopes
  4 fauns (Shoals:1)
  7 salamanders
  16 elephants
  2 centaur zombies
  A merfolk siren (Shoals:1)
  45 black mambas
  10 guardian serpents
  4 torpor snails
  A water nymph (Shoals:1)
  An orange demon (Lair:6)
  18 naga magi
  14 cane toads
  9 rime drakes
  9 freezing wraiths
  7 komodo dragons
  6 ice devils
  3 entropy weaver simulacra (IceCv)
  13 merfolk
  A hellwing (Lair:6)
  4 nameless horrors
  3 polar bears
  7 trolls
  3 wind drakes
  21 blink frogs
  Grinder (D:5)
  4 dream sheep (Shoals:1)
  9 snapping turtles
  A spriggan (Lair:6)
  A dire elephant simulacrum (IceCv)
  4 wraiths
  2 shadows
  31 yaks
  7 wyverns
  9 water elementals (Shoals:2)
  5 basilisks
  A steam dragon (D:8)
  4 vampire mosquitoes (D:12)
  Edmund (D:5)
  2 minotaur simulacra (IceCv)
  Menkaure (D:7)
  53 nagas
  6 wargs
  2 harpy simulacra (IceCv)
  3 acid dragons
  5 hell hounds (Lair:6)
  19 water moccasins
  A sky beast (D:3)
  21 orc warriors
  4 alligator simulacra (IceCv)
  2 necrophages
  A black bear (D:4)
  13 ogres
  37 wolves
  2 centaurs
  4 phantoms
  A kobold brigand (D:10)
  Blork the orc (D:5)
  11 bullfrogs
  3 deep troll simulacra (IceCv)
  4 scorpions
  A water moccasin zombie (D:5)
  A wyvern skeleton (D:7)
  5 howler monkeys
  A bullfrog zombie (D:7)
  2 hounds (D:7)
  2 jellies (D:5)
  22 orc priests
  A centaur skeleton (D:5)
  A gnoll shaman (D:4)
  21 orc wizards
  An iguana (D:5)
  2 killer bee zombies
  A mummy (Ossuary)
  5 gnolls (D:4)
  6 adders
  A shadow imp (D:6)
  2 white imps
  72 orcs
  8 ball pythons
  9 bats
  5 endoplasms
  A giant cockroach (D:3)
  4 goblins
  9 hobgoblins
  2 jackals (D:1)
  4 quokkas
  4 frilled lizards
  5 gnoll skeletons (Ossuary)
  A jackal skeleton (D:4)
  5 kobolds
  5 kobold skeletons (Ossuary)
  15 orc skeletons (Ossuary)
  8 rats
  2 bushes (Lair:6)
  A fulminant prism (Orc:2)
894 creatures vanquished.

Vanquished Creatures (collateral kills)
  2 nagarajas (Snake:4)
  Aizul (Snake:4)
  A shock serpent (Snake:1)
  A naga sharpshooter (Snake:2)
  A naga ritualist (Snake:3)
  3 naga magi
  2 nagas
11 creatures vanquished.

Vanquished Creatures (others)
  3 bushes (Lair:6)
  16 demonic plants (Gauntlet)
  42 fulminant prisms
  20 fungi
  71 plants
152 creatures vanquished.

Grand Total: 1057 creatures vanquished

Notes
Turn   | Place    | Note
-------+----------+-------------------------------------------
     0 | D:1      | smarlow the Djinni Conjurer began the quest for the Orb.
     0 | D:1      | Reached XP level 1. HP: 15/15 MP: 0/0
   235 | D:1      | Reached XP level 2. HP: 16/21 MP: 0/0
   878 | D:1      | Reached XP level 3. HP: 19/26 MP: 0/0
   878 | D:1      | Learned a level 1 spell: Freeze
  1029 | D:1      | Found a faded altar of an unknown god.
  1426 | D:2      | Reached skill level 1 in Fighting
  2235 | D:2      | Reached XP level 4. HP: 21/32 MP: 0/0
  3005 | D:3      | Noticed a sky beast
  3014 | D:3      | Killed a sky beast
  3015 | D:3      | Reached XP level 5. HP: 14/38 MP: 0/0
  3015 | D:3      | Learned a level 2 spell: Static Discharge
  3345 | D:3      | Found a stormy altar of Qazlal.
  3438 | D:3      | Found a sacrificial altar of Ru.
  3844 | D:4      | Found a burning altar of Makhleb.
  3856 | D:4      | Became a worshipper of Makhleb the Destroyer
  3908 | D:4      | Noticed an ogre
  3916 | D:4      | Killed an ogre
  3917 | D:4      | Reached XP level 6. HP: 28/45 MP: 0/0
  4227 | D:4      | Noticed a black bear
  4236 | D:4      | Killed a black bear
  4237 | D:4      | Reached XP level 7. HP: 13/49 MP: 0/0
  4237 | D:4      | Learned a level 3 spell: Stone Arrow
  4971 | D:4      | Reached skill level 5 in Spellcasting
  5457 | D:5      | Entered Level 5 of the Dungeon
  5459 | D:5      | Reached XP level 8. HP: 53/56 MP: 0/0
  5561 | D:5      | Noticed Grinder
  5567 | D:5      | Killed Grinder
  5616 | D:5      | Noticed Blork the orc
  5621 | D:5      | Killed Blork the orc
  5691 | D:5      | Reached skill level 5 in Dodging
  5953 | D:5      | Found a runed translucent door.
  5954 | D:5      | Noticed Crazy Yiuf
  6047 | D:5      | Reached * piety under Makhleb
  6181 | D:5      | Reached XP level 9. HP: 55/63 MP: 0/0
  6181 | D:5      | Learned a level 4 spell: Animate Armour
  6250 | D:5      | Noticed Edmund
  6257 | D:5      | Killed Edmund
  6816 | D:6      | Reached skill level 5 in Fighting
  7065 | D:6      | Reached skill level 5 in Stealth
  7636 | D:7      | Found a sand-covered staircase.
  7640 | Ossuary  | Entered an ossuary
  7809 | Ossuary  | Reached ** piety under Makhleb
  8264 | D:7      | Found a staircase to the Ecumenical Temple.
  8482 | D:7      | Noticed Menkaure
  8484 | D:7      | Killed Menkaure
  8579 | D:7      | Reached XP level 10. HP: 62/71 MP: 0/0
  9738 | D:8      | Found a staircase to the Lair.
 10298 | D:9      | Noticed Harold
 10342 | D:9      | Reached *** piety under Makhleb
 10521 | D:9      | Found a basalt altar of Yredelemnul.
 10668 | D:9      | Found a snail-covered altar of Cheibriados.
 11005 | D:9      | Reached skill level 1 in Armour
 11112 | D:10     | Entered Level 10 of the Dungeon
 11112 | D:10     | Found a runed translucent door.
 11143 | D:10     | Found a runed translucent gate.
 11143 | D:10     | Found a runed translucent gate.
 11146 | D:10     | Found a runed translucent gate.
 11146 | D:10     | Noticed dualclasshuman's ghost (novice DDBe)
 11150 | D:10     | Found a glowing silver altar of Zin.
 11212 | D:10     | Noticed a two-headed ogre
 11218 | D:10     | Killed a two-headed ogre
 11219 | D:10     | Reached skill level 2 in Armour
 11219 | D:10     | Reached XP level 11. HP: 79/79 MP: 0/0
 11219 | D:10     | Learned a level 4 spell: Hailstorm
 11374 | D:10     | Found a runed translucent door.
 11387 | D:10     | Found a runed translucent door.
 11402 | D:10     | Found a runed translucent door.
 11603 | D:10     | Noticed a two-headed ogre
 11608 | D:10     | Killed a two-headed ogre
 11628 | D:10     | Noticed an obsidian statue
 11657 | D:10     | Reached skill level 3 in Armour
 11698 | D:10     | Killed dualclasshuman's ghost
 11728 | D:10     | Identified the ring "Gicit" {rF+ rC+ rN++ Will+ Int-5}
 11764 | D:10     | Killed an obsidian statue
 11911 | D:9      | Killed Harold
 11952 | D:9      | Identified the +7 chain mail of New Discoveries {Drain
                  | Regen+ Dex+5}
 12139 | D:11     | Noticed a cyclops
 12146 | D:11     | Killed a cyclops
 12410 | D:11     | Noticed a two-headed ogre
 12414 | D:11     | Killed a two-headed ogre
 12451 | D:11     | Noticed a two-headed ogre
 12455 | D:11     | Killed a two-headed ogre
 12455 | D:11     | Noticed a cyan ugly thing
 12456 | D:11     | Reached skill level 4 in Armour
 12461 | D:11     | Killed a cyan ugly thing
 12462 | D:11     | Reached XP level 12. HP: 82/86 MP: 0/0
 12735 | D:11     | Reached **** piety under Makhleb
 13001 | D:11     | Found a staircase to the Orcish Mines.
 13359 | D:12     | Reached skill level 5 in Armour
 13466 | D:12     | Noticed a two-headed ogre
 13472 | D:12     | Killed a two-headed ogre
 13766 | D:12     | Reached skill level 6 in Armour
 13926 | D:13     | Noticed a two-headed ogre
 13932 | D:13     | Noticed a boulder beetle
 13933 | D:13     | Killed a two-headed ogre
 14044 | Lair:1   | Entered Level 1 of the Lair of Beasts
 14122 | Lair:1   | Reached skill level 10 in Spellcasting
 14203 | Lair:1   | Reached skill level 7 in Armour
 14204 | Lair:1   | Reached ***** piety under Makhleb
 14700 | Lair:2   | Reached XP level 13. HP: 84/94 MP: 0/0
 14700 | Lair:2   | Learned a level 5 spell: Agony
 14712 | Lair:2   | Reached skill level 8 in Armour
 14714 | Lair:2   | Noticed Nergalle
 14773 | Lair:2   | Killed Nergalle
 14928 | Lair:2   | Reached skill level 9 in Armour
 15502 | Lair:3   | Reached skill level 10 in Fighting
 15568 | Lair:3   | Noticed Sonja
 15577 | Lair:3   | Killed Sonja
 15596 | Lair:3   | Found a staircase to the Snake Pit.
 15609 | Lair:3   | Reached skill level 10 in Armour
 15643 | Lair:3   | Found a gate leading to a gauntlet.
 15674 | Gauntlet | Entered a Gauntlet
 15674 | Gauntlet | Found a transporter.
 15674 | Gauntlet | Found a transporter.
 15674 | Gauntlet | Found a transporter.
 15704 | Gauntlet | Found a transporter.
 15707 | Gauntlet | Noticed a dire elephant
 15720 | Gauntlet | Found a transporter.
 15722 | Gauntlet | Found a transporter.
 15739 | Gauntlet | Noticed a quicksilver ooze
 15739 | Gauntlet | Found a transporter.
 15742 | Gauntlet | Killed a quicksilver ooze
 15778 | Gauntlet | Identified the +2 pair of gloves of Voebogge {rN+ Int+4
                  | Stlth-}
 15798 | Gauntlet | Noticed a minotaur
 15812 | Gauntlet | Killed a minotaur
 15858 | Gauntlet | Found a transporter.
 15895 | Gauntlet | Identified the +6 battleaxe of Impatience {vorpal, *Corrode
                  | rPois rF+++ Int-5}
 16120 | Lair:3   | Noticed a four-headed hydra
 16129 | Lair:3   | Killed a four-headed hydra
 16583 | Lair:3   | Reached XP level 14. HP: 96/103 MP: 0/0
 16768 | Lair:4   | Reached skill level 11 in Armour
 17099 | Lair:4   | Reached ****** piety under Makhleb
 17181 | Lair:4   | Reached skill level 12 in Armour
 17329 | Lair:4   | Found a runed translucent gate.
 17329 | Lair:4   | Found a runed translucent gate.
 17331 | Lair:4   | Found a staircase to the Shoals.
 17332 | Lair:4   | Found a runed translucent gate.
 17737 | Lair:4   | Noticed pkoi's ghost (journeyman DrCj)
 17750 | Lair:4   | Killed pkoi's ghost
 18003 | Lair:5   | Reached skill level 13 in Armour
 18344 | Lair:5   | Found a staircase to the Slime Pits.
 18737 | Lair:6   | Entered Level 6 of the Lair of Beasts
 18744 | Lair:6   | Reached XP level 15. HP: 66/112 MP: 0/0
 18744 | Lair:6   | Learned a level 6 spell: Summon Cactus Giant
 19505 | Lair:6   | Reached skill level 14 in Armour
 19505 | Lair:6   | Reached skill level 1 in Invocations
 19893 | Lair:6   | Found a burning altar of Makhleb.
 19921 | Lair:6   | Found a gateway to Hell.
 19928 | Lair:6   | Identified the ring "Bugimiuh" {rCorr Str+3 Int-3 Dex+5
                  | SInv}
 20301 | Orc:1    | Entered Level 1 of the Orcish Mines
 20586 | Orc:2    | Entered Level 2 of the Orcish Mines
 20586 | Orc:2    | Noticed Rupert
 20599 | Orc:2    | Killed Rupert
 20748 | Orc:2    | Noticed Snorg
 20758 | Orc:2    | Killed Snorg
 20933 | Orc:2    | Reached XP level 16. HP: 97/120 MP: 0/0
 20956 | Orc:2    | Noticed Urug
 21047 | Orc:2    | Found a staircase to the Elven Halls.
 21076 | Orc:2    | Found Qutogg's Gadget Gallery.
 21195 | Orc:2    | Killed Urug
 21254 | Orc:2    | Found Byurrer's General Store.
 21257 | Orc:2    | Found Cias's Jewellery Boutique.
 21265 | Orc:2    | Bought an amulet of regeneration for 480 gold pieces
 21289 | Orc:2    | Found Cuit's Antique Weapon Boutique.
 21304 | Orc:2    | Found Yperuosk's Antique Armour Boutique.
 21379 | Orc:2    | Bought a potion of heal wounds for 55 gold pieces
 21895 | Orc:1    | Found a shimmering altar of Xom.
 22138 | Snake:1  | Entered Level 1 of the Snake Pit
 22515 | Orc:2    | Bought a spiked scale mail for 261 gold pieces
 22515 | Orc:2    | Identified the +0 scale mail "Kownukk" {Contam +Blink SInv}
                  | (You bought it in a shop on level 2 of the Orcish Mines)
 22783 | Snake:1  | Reached skill level 15 in Armour
 22950 | Snake:1  | Reached skill level 1 in Shields
 23700 | Snake:2  | Noticed a nagaraja
 23717 | Snake:2  | Killed a nagaraja
 23807 | Snake:2  | Noticed an azure jelly
 23823 | Snake:2  | Killed an azure jelly
 23867 | Snake:2  | Found a frozen archway.
 23873 | IceCv    | Entered an ice cave
 23897 | IceCv    | Reached skill level 5 in Invocations
 24018 | IceCv    | Reached XP level 17. HP: 122/127 MP: 0/0
 24018 | IceCv    | Learned a level 6 spell: Simulacrum
 24072 | IceCv    | Noticed an Ice Fiend
 24072 | IceCv    | Noticed an Ice Fiend
 24548 | Snake:2  | Noticed Vashnia
 24878 | Snake:2  | Reached skill level 16 in Armour
 26291 | Snake:2  | Killed Vashnia
 26633 | Snake:3  | Found Qimy's Assorted Antiques.
 26651 | Snake:3  | Bought a scroll of identify for 74 gold pieces
 26653 | Snake:3  | Gained mutation: You are strong-willed. (Will+) [potion of
                  | mutation]
 26653 | Snake:3  | Gained mutation: You are partially covered in iridescent
                  | scales. (AC +2) [potion of mutation]
 26653 | Snake:3  | Gained mutation: Your spells are a little easier to cast,
                  | but a little less powerful. [potion of mutation]
 26871 | Snake:4  | Entered Level 4 of the Snake Pit
 26876 | Snake:4  | Reached skill level 5 in Shields
 27037 | Snake:4  | Reached XP level 18. HP: 115/134 MP: 0/0
 27304 | Snake:4  | Found Iheuryid's Weapon Boutique.
 27387 | Snake:4  | Noticed Roxanne
 27823 | Snake:4  | Noticed Aizul
 27832 | Snake:4  | Killed Aizul
 27899 | Snake:4  | Reached skill level 17 in Armour
 28205 | Snake:4  | Got a serpentine rune of Zot
 28402 | Shoals:1 | Entered Level 1 of the Shoals
 28427 | Shoals:1 | Found Hewnul's Overcharged Wands.
 29114 | Shoals:1 | Reached XP level 19. HP: 113/141 MP: 0/0
 29114 | Shoals:1 | Learned a level 7 spell: Malign Gateway
 29473 | Shoals:2 | Identified the +9 quarterstaff of the Sun {freeze, rC-
                  | Str+5}
 30214 | Shoals:2 | HP: 4/141 [elemental wellspring/torrent of water (16)]
 30214 | Shoals:2 | Collided with a rock wall

Illustrated notes

Levels and vault maps discovered:
D:1:      dpeg_arrival_pits, layout_basic, chequers_ecumenical_altar_simple,
          serial_forest, infiniplex_forest_lined_corner,
          infiniplex_forest_clump_small, infiniplex_forest_straight_2,
          infiniplex_forest_end_1, infiniplex_forest_zigzag_1,
          infiniplex_forest_straight_3, infiniplex_forest_pool
D:2:      layout_loops_corners
D:3:      layout_loops_cross, mainiacjoe_overflow_six_doors_small,
          general_overflow_altar, roderic_batcave
D:4:      layout_loops_corners, bloody_makhleb
D:5:      layout_basic, uniq_crazy_yiuf_cottage, uniq_edmund,
          uniq_blork_the_orc, uniq_grinder
D:6:      layout_rooms, minivault_22, dk_vineyard_3,
          chequers_serial_rivers_micro_d, grunt_ministairs_4
D:7:      layout_gridville, minmay_temple_entry_slanted,
          nicolae_ossuary_entry_plus, uniq_menkaure
D:8:      layout_loops_ring, erik_lair_orcish_takeover
D:9:      layout_roguey, cheibriados_altar_1, mainiacjoe_overflow_cross_hatched,
          nicolae_benzene_ring, kennysheep_minor_cross, uniq_harold
D:10:     layout_roguey, mainiacjoe_overflow_tiny_flanked,
          ebering_ghost_rock_garden, minmay_statue_crystal_thing
D:11:     layout_roguey, hiddenorc2_lemuel, kennysheep_nub, minmay_between
D:12:     layout_roguey
D:13:     layout_irregular_city, serial_glass, glass_columns_a, glass_columns_a
Lair:1:   layout_hall_layers
Lair:2:   layout_chaotic_city, st_stairs_6, grunt_megastairs_1, uniq_nergalle
Lair:3:   layout_regular_city, minmay_snake_entry_six_corridors,
          gauntlet_entry_generic, uniq_sonja
Lair:4:   layout_regular_city, shoals_dummy_entry, ebering_ghost_rock_garden,
          minmay_shattered_shrine, grunt_megastairs_5
Lair:5:   layout_cave_pods, slime_dummy, infiniplex_staircase_pool
Lair:6:   evil_forest, layout_misc_corridors, grunt_forest_large_clearing_hut
Shoals:1: cheibrodos_shoals_epimethial_gifts, layout_shoals,
          nicolae_shop_overcharged_wands
Shoals:2: layout_shoals, nicolae_shoals_raging_river
Snake:1:  cheibrodos_snake_ritualist_ritual, layout_gridlike, lemuel_fruit_tree
Snake:2:  layout_layer_cave, portal_ice_cave_entry_horrid_things, uniq_vashnia
Snake:3:  layout_onion, serial_shops, nicolae_square_shop, serial_bayou_shore_b,
          grunt_megastairs_3
Snake:4:  grunt_snake_rune_spirals, layout_onion, serial_shops,
          nicolae_shop_bloodbath_and_beyond, uniq_roxanne, uniq_aizul
Orc:1:    layout_diamond_mine, lemuel_statue_altar
Orc:2:    grunt_orc_cross, layout_caves, nicolae_shop_gadgets, uniq_snorg,
          uniq_rupert

Skill      XL: |  1  2  3  4  5  6  7  8  9 10 11 12 13 14 15 16 17 18 19 |
---------------+----------------------------------------------------------+-----
Stealth        | 2 3 4 5 6 7 |  7.6
Fighting       | 1 2 3 4 5 7 9 10 11 12 13 14 | 14.6
Dodging        | 3 4 5 6 8 9 |  9.2
Spellcasting   | 4 5 6 7 8 9 10 11 12 13 14 | 14.9
Armour         | 2 4 7 10 13 14 15 16 17 | 17.3
Invocations    | 2 5 6 8 9 |  9.3
Shields        | 3 5 6 7 |  7.2

Action                   |  1- 3 |  4- 6 |  7- 9 | 10-12 | 13-15 | 16-18 | 19-21 || total
-------------------------+-------+-------+-------+-------+-------+-------+-------++-------
Melee: Hand axe          |       |     1 |       |       |       |       |       ||     1
 Cast: Magic Dart        |    78 |    79 |    46 |    99 |   105 |    48 |       ||   455
       Iskenderun's Myst |       |     3 |     4 |    56 |   194 |   243 |    51 ||   551
       Stone Arrow       |       |       |   109 |   204 |   366 |   622 |    95 ||  1396
       Hailstorm         |       |       |       |       |     7 |    17 |     7 ||    31
       Fulminant Prism   |       |       |       |       |     4 |    38 |     1 ||    43
       Summon Cactus Gia |       |       |       |       |       |    16 |     1 ||    17
       Searing Ray       |       |       |       |       |       |     2 |       ||     2
Invok: Lesser Servant of |       |       |       |       |       |    15 |       ||    15
       Greater Servant o |       |       |       |       |       |     6 |       ||     6
  Use: Scroll            |       |       |     5 |    13 |    13 |    12 |       ||    43
       Potion            |       |       |       |       |     2 |    10 |     1 ||    13
Armor: Robe              |     3 |     1 |     1 |       |       |       |       ||     5
       Troll leather arm |       |       |       |     5 |    24 |       |       ||    29
       Chain mail        |       |       |       |       |    54 |   193 |    24 ||   271
Dodge: Dodged            |     5 |    13 |    15 |    35 |    58 |    78 |    20 ||   224
